 Dungeon Crawl Stone Soup version 0.23.2-1-ga50397a (webtiles) character file.

Game seed: 1085968662932919347

262 troglodite the Chopper (level 5, -10/48 HPs)
             Began as a Troll Wanderer on May 15, 2019.
             Was a Follower of Cheibriados.
             Mangled by an orc wizard
             ... wielding a +1 dagger of electrocution
              (19 damage)
             ... on level 5 of the Dungeon.
             The game lasted 00:07:57 (2767 turns).

troglodite the Chopper (Troll Wanderer)             Turns: 2767, Time: 00:07:58

Health: -10/48     AC:  6    Str: 20    XL:     5   Next: 97%
Magic:  5/5        EV: 11    Int: 11    God:    Cheibriados [*.....]
Gold:   124        SH:  0    Dex: 13    Spells: 4/4 levels left

rFire    . . .     SeeInvis .   a - +2 hand axe
rCold    . . .     Gourm    +   (no shield)
rNeg     . . .     Faith    .   b - +0 robe
rPois    .         Spirit   .   (helmet restricted)
rElec    .         Reflect  .   (no cloak)
rCorr    .         Harm     .   (gloves unavailable)
MR       .....                  (boots unavailable)
Stlth    ++........             (no amulet)
HPRegen  0.56/turn              n - ring of stealth
MPRegen  0.09/turn              (no ring)

@: slowed, very slow
A: large, unfitting armour, claws 3, fast metabolism 3, gourmand, regeneration
1, shaggy fur 1, tough skin 3
a: Bend Time, Renounce Religion


You were on level 5 of the Dungeon.
You worshipped Cheibriados.
Cheibriados was aware of your devotion.
You were very full.

You visited 1 branch of the dungeon, and saw 5 of its levels.

You collected 124 gold pieces.

Inventory:

Hand Weapons
 a - a +2 hand axe (weapon)
Armour
 b - a +0 robe (worn)
Jewellery
 n - a ring of stealth (left claw)
Scrolls
 e - 5 scrolls of identify {unknown}
 f - a scroll of magic mapping {unknown}
 h - a scroll of teleportation {unknown}
 i - 2 scrolls of random uselessness {unknown}
 j - 2 scrolls of noise {unknown}
 l - 2 scrolls of blinking {unknown}
 m - a scroll of enchant weapon {unknown}
 q - a scroll of immolation {unknown}
 s - 2 scrolls of remove curse {unknown}
 t - a scroll of enchant armour {unknown}
Potions
 c - 4 potions of curing
 g - a potion of berserk rage {unknown}
 k - a potion of resistance {unknown}
 o - a potion of cancellation {unknown}
 p - a potion of agility {unknown}
 r - a potion of experience {unknown}
Comestibles
 d - 8 rations


   Skills:
 * Level 1.3 Fighting
 * Level 4.3(4.5) Axes
   Level 1.7(3.5) Maces & Flails
 * Level 3.6 Dodging
 + Level 0.6 Stealth
   Level 1.3 Evocations


You had 4 spell levels left.
You didn't know any spells.
Your spell library was empty.

Dungeon Overview and Level Annotations

Branches:
Dungeon (5/15)
 Temple: D:4-7

Altars:
Cheibriados
Dithmenos
Kikubaaqudgha
Trog
Vehumet


Innate Abilities, Weirdness & Mutations

You are too large for most types of armour.
You have claws for hands.
Your metabolism is lightning-fast.
You like to eat raw meat.
Your natural rate of healing is unusually fast.
You are covered in fur. (AC +1)
You have extremely tough skin. (AC +3)


Message History

Found 16 gold pieces and a runed falchion.
There is a stone staircase leading up here.
The helpless orc fails to defend itself.
You hit the orc.
The orc is severely wounded.
The orc wizard shouts! x2
The orc wizard mumbles some strange words.
The orc wizard flickers and vanishes!
Deactivating autopickup; reactivate with Ctrl-A.
You hit the orc wizard.
The orc wizard is moderately wounded.
The orc wizard hits you but does no damage.
Unknown command.
You hit the orc wizard.
The orc wizard is severely wounded.
Unknown command.
You closely miss something. Something hits you.
* * * LOW HITPOINT WARNING * * *
You are electrocuted!!
You die...

###
#@#
#.#
#o#
#o#
#..
...
$..
..).


You could see an orc wizard and an orc.

Vanquished Creatures
  An ogre (D:4)
  An iguana (D:4)
  A worker ant (D:4)
  5 adders
  A worm (D:3)
  A leopard gecko (D:1)
  2 orcs
  8 giant cockroaches
  9 goblins
  7 hobgoblins
  6 jackals
  6 kobolds
  3 quokkas
  12 bats
  6 frilled lizards
  7 rats
76 creatures vanquished.

Notes
Turn   | Place    | Note
-------+----------+-------------------------------------------
     0 | D:1      | troglodite the Troll Wanderer began the quest for the Orb.
     0 | D:1      | troglodite set off with the following items: a +2 hand axe,
                  | a +0 robe, a potion of curing, 2 rations
     0 | D:1      | Reached XP level 1. HP: 16/16 MP: 1/1
    67 | D:1      | Reached XP level 2. HP: 17/24 MP: 2/2
   348 | D:1      | Reached skill level 3 in Axes
   348 | D:1      | Reached XP level 3. HP: 25/31 MP: 3/3
  1113 | D:2      | Found a bloodstained altar of Trog.
  1229 | D:2      | Reached XP level 4. HP: 40/40 MP: 4/4
  1501 | D:3      | Found a snail-covered altar of Cheibriados.
  1506 | D:3      | Became a worshipper of Cheibriados the Contemplative
  1900 | D:3      | Found a shadowy altar of Dithmenos.
  1901 | D:3      | Found an ancient bone altar of Kikubaaqudgha.
  2210 | D:3      | Reached * piety under Cheibriados
  2325 | D:3      | Found a radiant altar of Vehumet.
  2465 | D:4      | Reached XP level 5. HP: 29/46 MP: 5/5
  2491 | D:4      | Reached skill level 1 in Fighting
  2592 | D:4      | Reached skill level 4 in Axes
  2748 | D:4      | Noticed an ogre
  2758 | D:4      | Killed an ogre
  2763 | D:5      | Entered Level 5 of the Dungeon
  2767 | D:5      | Mangled by an orc wizard

Skill      XL: |  1  2  3  4  5 |
---------------+----------------+-----
Axes           | 3 4 |  4.3
Dodging        | 3 |  3.6
Fighting       | 1 |  1.3
Maces & Flails | |  1.7
Stealth        | |  0.6
Evocations     | |  1.3

Action                   |  1- 3 |  4- 6 || total
-------------------------+-------+-------++-------
Melee: Hand axe          |   102 |    93 ||   195
 Stab: Sleeping          |       |     8 ||     8
  Eat: Chunk             |    17 |    13 ||    30
Armor: Robe              |    51 |    28 ||    79
Dodge: Dodged            |    55 |    45 ||   100
